 Dungeon Crawl Stone Soup version 0.25-b1-46-gb8a1ec05df (webtiles) character file.

Game seed: 13338692092764160242

151 Chiseanne the Skirmisher (level 5, -7/47 HPs)
             Began as a Gnoll Wanderer on June 9, 2020.
             Splashed by an orc's acid (11 damage)
             ... on level 3 of the Dungeon.
             The game lasted 00:04:26 (831 turns).

Chiseanne the Skirmisher (Gnoll Wanderer)            Turns: 831, Time: 00:04:26

Health: -7/47      AC:  0    Str: 12    XL:     5   Next: 33%
Magic:  3/7        EV: 12    Int: 19    God:
Gold:   21         SH:  0    Dex: 13    Spells: 5/6 levels left

rFire    . . .     SeeInvis .   a - +0 dagger
rCold    . . .     Gourm    .   (no shield)
rNeg     . . .     Faith    .   d - +0 robe
rPois    .         Spirit   .   (no helmet)
rElec    .         Reflect  .   (no cloak)
rCorr    .         Harm     .   r - +0 pair of gloves
MR       .....                  (no boots)
Stlth    ++........             (no amulet)
HPRegen  0.15/turn              (no ring)
MPRegen  0.10/turn              (no ring)

@: corroded, very slightly contaminated
A: distributed training, fangs 1, strong nose
a: no special abilities


You were on level 3 of the Dungeon.
You were hungry.

You visited 1 branch of the dungeon, and saw 3 of its levels.

You collected 21 gold pieces.

Inventory:

Hand Weapons
 a - a +0 dagger (weapon)
 j - a +0 hunting sling
Missiles
 i - 16 arrows
 o - 13 poisoned darts (quivered)
Armour
 d - a +0 robe (worn)
 r - a +0 pair of gloves (worn)
Jewellery
 k - an uncursed ring of ice {unknown}
Wands
 u - a wand of polymorph (6)
Scrolls
 b - a scroll of magic mapping {unknown}
 e - 3 scrolls of identify {unknown}
 g - 2 scrolls of teleportation {unknown}
 p - a scroll of blinking {unknown}
 v - a scroll of remove curse {unknown}
Potions
 c - a potion of curing
 h - a potion of might {unknown}
 l - a potion of ambrosia {unknown}
 m - 2 potions of stabbing {unknown}
 n - a potion of cancellation {unknown}
 q - a potion of lignification {unknown}
Comestibles
 f - 3 rations
 t - 3 chunks of flesh


   Skills:
 + Level 6.7 Fighting
 + Level 1.4 Short Blades
 + Level 1.4 Long Blades
 + Level 1.4 Axes
 + Level 1.4 Maces & Flails
 + Level 2.9 Polearms
 + Level 1.4 Staves
 + Level 1.4 Slings
 + Level 1.4 Bows
 + Level 1.4 Crossbows
 + Level 4.7 Throwing
 + Level 1.4 Armour
 + Level 1.4 Dodging
 + Level 2.7 Stealth
 + Level 1.4 Shields
 + Level 1.4 Unarmed Combat
 + Level 1.4 Spellcasting
 + Level 1.1 Conjurations
 + Level 1.1 Hexes
 + Level 1.1 Charms
 + Level 2.3 Summonings
 + Level 1.1 Necromancy
 + Level 1.1 Translocations
 + Level 1.1 Transmutations
 + Level 3.9 Fire Magic
 + Level 1.1 Ice Magic
 + Level 1.1 Air Magic
 + Level 1.1 Earth Magic
 + Level 1.1 Poison Magic
 + Level 1.6 Invocations
 + Level 1.4 Evocations


You had 5 spell levels left.
You knew the following spells:

 Your Spells              Type           Power        Failure   Level  Hunger
a - Foxfire               Conj/Fire      ##..         6%          1    ##.....

Your spell library contained the following spells:

 Spells                   Type           Power        Failure   Level  Hunger
 Shock                    Conj/Air       #...         11%         1    ##.....
 Conjure Flame            Conj/Fire      ##......     19%         3    ####...
 Inner Flame              Hex/Fire       ##......     19%         3    ####...
 Sticky Flame             Conj/Fire      ##......     52%         4    #####..
 Fireball                 Conj/Fire      ##........   86%         5    ######.


Dungeon Overview and Level Annotations

Branches:
Dungeon (3/15)

Altars:
Uskayaw


Innate Abilities, Weirdness & Mutations

Your experience applies equally to all skills.
You have very sharp teeth.
Your uncanny sense of smell can sniff out nearby items.


Message History

The acid corrodes you!
You are splashed with acid!
The orc wizard closely misses you.
The foxfire hits the orc wizard.
The orc wizard is almost dead.
The orc wizard hits you with a +0 dagger.
Casting: Foxfire (safe; 7% risk of failure)
Confirm with . or Enter, or press ? or * to list all spells.
You miscast Foxfire.
You are very lightly contaminated with residual magic.
Nothing appears to happen.
You kill the orc wizard!
A dart slug comes into view.
Casting: Foxfire (safe; 6% risk of failure)
Confirm with . or Enter, or press ? or * to list all spells.
You conjure some foxfire!
The orc zaps a wand.
The bolt of acid hits your foxfire!
Your foxfire is splashed with acid.
The acid corrodes your foxfire! The bolt of acid hits you!!
* * * LOW HITPOINT WARNING * * *
You are splashed with acid!
You die...

#.............#..
###.........##..#..
#....)..#######.......
#...<...# #..#....
#.......# ###>..# ...
#.......# #...#.. #.
#[......# ##.# #..
#...)...###.v#####.(w
#...(...##...@(oo(.(#
#...)...##..)######.#
#..........###
#.......#..#
##...>###..# #.....#
#..# #..[.... ....
#........#..##
#.......#...#


You could see a dart slug and 2 orcs.

Vanquished Creatures
  3 orc wizards
  Ijyb (D:2)
  An adder (D:3)
  An adder zombie (D:3)
  A worm (D:3)
  A leopard gecko (D:3)
  3 orcs (D:3)
  A giant cockroach (D:3)
  5 goblins
  A hobgoblin (D:1)
  5 kobolds
  4 bats (D:1)
  A frilled lizard (D:1)
  A rat (D:1)
29 creatures vanquished.

Vanquished Creatures (others)
  41 foxfires
41 creatures vanquished.

Grand Total: 70 creatures vanquished

Notes
Turn   | Place    | Note
-------+----------+-------------------------------------------
     0 | D:1      | Chiseanne the Gnoll Wanderer began the quest for the Orb.
     0 | D:1      | Chiseanne set off with the following items: a +0 dagger, a
                  | potion of curing, a +0 robe, a ration; and the following
                  | spells available to memorise: Foxfire, Shock, Conjure
                  | Flame, Inner Flame, Sticky Flame, Fireball
     0 | D:1      | Reached XP level 1. HP: 23/23 MP: 1/1
   203 | D:1      | Reached XP level 2. HP: 29/29 MP: 2/2
   217 | D:1      | Learned a level 1 spell: Foxfire
   379 | D:2      | Noticed a +0 dagger
   379 | D:2      | Noticed a +0 hand axe
   386 | D:2      | Found a hide-covered altar of Uskayaw.
   453 | D:3      | Reached XP level 3. HP: 35/35 MP: 0/3
   581 | D:3      | Noticed Ijyb
   680 | D:2      | Killed Ijyb
   680 | D:2      | Reached skill level 1 in Short Blades
   680 | D:2      | Reached skill level 1 in Long Blades
   680 | D:2      | Reached skill level 1 in Axes
   680 | D:2      | Reached skill level 1 in Maces & Flails
   680 | D:2      | Reached skill level 1 in Staves
   680 | D:2      | Reached skill level 1 in Slings
   680 | D:2      | Reached skill level 1 in Bows
   680 | D:2      | Reached skill level 1 in Crossbows
   680 | D:2      | Reached skill level 1 in Armour
   680 | D:2      | Reached skill level 1 in Dodging
   680 | D:2      | Reached skill level 1 in Shields
   680 | D:2      | Reached skill level 1 in Unarmed Combat
   680 | D:2      | Reached skill level 1 in Spellcasting
   680 | D:2      | Reached skill level 1 in Invocations
   680 | D:2      | Reached skill level 1 in Evocations
   680 | D:2      | Reached XP level 4. HP: 41/41 MP: 5/5
   710 | D:3      | Reached skill level 1 in Conjurations
   710 | D:3      | Reached skill level 1 in Hexes
   710 | D:3      | Reached skill level 1 in Charms
   710 | D:3      | Reached skill level 1 in Necromancy
   710 | D:3      | Reached skill level 1 in Translocations
   710 | D:3      | Reached skill level 1 in Transmutations
   710 | D:3      | Reached skill level 1 in Ice Magic
   710 | D:3      | Reached skill level 1 in Air Magic
   710 | D:3      | Reached skill level 1 in Earth Magic
   710 | D:3      | Reached skill level 1 in Poison Magic
   722 | D:2      | Reached XP level 5. HP: 47/47 MP: 0/6
   831 | D:3      | Splashed by an orc's acid

Illustrated notes

Levels and vault maps discovered:
D:1:      eino_arrival_cavern_b, layout_loops_ring, minmay_stone_trees_small
D:2:      layout_basic, dancing_weapons_uskayaw
D:3:      layout_rooms, old_standard_altar, uniq_ijyb

Skill      XL: |  1  2  3  4 |
---------------+-------------+-----
Summonings     | 2 |  2.3
Short Blades   | 1 |  1.4
Long Blades    | 1 |  1.4
Axes           | 1 |  1.4
Maces & Flails | 1 |  1.4
Staves         | 1 |  1.4
Slings         | 1 |  1.4
Bows           | 1 |  1.4
Crossbows      | 1 |  1.4
Armour         | 1 |  1.4
Dodging        | 1 |  1.4
Shields        | 1 |  1.4
Unarmed Combat | 1 |  1.4
Spellcasting   | 1 |  1.4
Invocations    | 1 |  1.6
Evocations     | 1 |  1.4
Conjurations   | 1 |  1.1
Hexes          | 1 |  1.1
Charms         | 1 |  1.1
Necromancy     | 1 |  1.1
Translocations | 1 |  1.1
Transmutations | 1 |  1.1
Ice Magic      | 1 |  1.1
Air Magic      | 1 |  1.1
Earth Magic    | 1 |  1.1
Poison Magic   | 1 |  1.1
Fighting       | |  6.7
Polearms       | |  2.9
Throwing       | |  4.7
Stealth        | |  2.7
Fire Magic     | |  3.9

Action                   |  1- 3 |  4- 6 || total
-------------------------+-------+-------++-------
Melee: Dagger            |    40 |     2 ||    42
       Bite              |     1 |       ||     1
Throw: Dart              |     5 |    13 ||    18
 Cast: Foxfire           |    11 |    12 ||    23
 Stab: Sleeping          |     6 |       ||     6
Armor: Robe              |    17 |     5 ||    22
Dodge: Dodged            |    29 |    13 ||    42
